 Dungeon Crawl Stone Soup version 0.32-a0-485-g70f7560b1c (webtiles) character file.

Game seed: 17771027671837620216

2 Esekla the Sneak (level 1, -1/16 HPs)
             Began as an Octopode Delver on Feb 27, 2024.
             Was an Initiate of Gozag.
             Slain by a ribbon worm (7 damage)
             ... on level 3 of the Dungeon.
             The game lasted 00:05:15 (628 turns).

Esekla the Sneak (Octopode Delver)                   Turns: 628, Time: 00:05:15

Health: -1/16      AC:  1    Str: 11    XL:     1   Next: 30%
Magic:  1/1        EV: 13    Int: 12    God:    Gozag
Gold:   89         SH:  0    Dex: 13    Spells: 0/0 levels left

rFire   . . .        a - +0 falchion
rCold   . . .        (no shield)
rNeg    . . .        (helmet restricted)
rPois   .            (no amulet)
rElec   .            (no ring)
rCorr   .            (no ring)
SInv    .            (no ring)
Will    .....        (no ring)
Stlth   ++++         (no ring)
HPRegen 0.22/turn    (no ring)
MPRegen 0.07/turn    (no ring)
                     (no ring)

%: no passive effects
@: no status effects
A: almost no armour, amphibious, 8 rings, camouflage 1, gelatinous body 1,
(nimble swimmer 1), tentacles
a: Renounce Religion, Potion Petition, Call Merchant, Bribe Branch


You were on level 3 of the Dungeon.
You worshipped Gozag.
Gozag was noncommittal.
You visited 2 branches of the dungeon, and saw 4 of its levels.

You collected 110 gold pieces.
You paid 21 gold pieces to Gozag.

Inventory:

Hand Weapons
 a - a +0 falchion (weapon)
Wands
 f - a wand of digging (3)
Scrolls
 b - a scroll of fog
 c - a scroll of enchant weapon {unknown}
 d - a scroll of fear
 g - 2 scrolls of identify {unknown}
 h - a scroll of enchant armour {unknown}
Potions
 e - 2 potions of haste
 i - a potion of attraction {unknown}


   Skills:
 + Level 3.1 Fighting
 + Level 2.0 Long Blades
 + Level 2.0 Dodging
 + Level 6.6 Stealth


You couldn't memorise any spells.
You didn't know any spells.
Your spell library contained the following spells:

 Spells                   Type           Power      Damage    Failure   Level
 Lesser Beckoning         Tloc           0%         N/A       45%         2
 Gell's Gravitas          Tloc           0%         N/A       69%         3
 Teleport Other           Tloc           0%         N/A       69%         3


Dungeon Overview and Level Annotations

Branches:
Dungeon (5/15)             Temple (1/1) D:5

Altars:
Ashenzari
Cheibriados
Dithmenos
Elyvilon
Fedhas
Gozag
Hepliaklqana
Kikubaaqudgha
Makhleb
Nemelex Xobeh
Okawaru
Qazlal
Ru
Sif Muna
Trog
Uskayaw
Vehumet
Wu Jian
Yredelemnul
Zin
The Shining One

Shops:
D:3 [


Innate Abilities, Weirdness & Mutations

You cannot wear most types of armour.
You are amphibious.
You can wear up to eight rings at the same time.
Your skin changes colour to match your surroundings (Stealth+).
Your rubbery body absorbs attacks. (AC +1, EV +1)
((You are camouflaged when in or above water. (Stealth+)))
You have tentacles for arms and can constrict up to eight enemies at once.


Message History

You now have 70 gold pieces (gained 6).
You start resting.
HP restored.
There is a stone staircase leading down here.
Found a smoky green potion.
i - a smoky green potion A kobold comes into view.
It is wielding a +0 whip.
The kobold hits you with a +0 whip. The kobold barely misses you.
You hit the kobold. Your grab misses the kobold.
Your squeeze misses the kobold.
The kobold is severely wounded.
The kobold closely misses you. x2
You hit the kobold.
You kill the kobold!
You now have 89 gold pieces (gained 19).
You see here a +0 whip.
Found Zeetizxuav's Armour Shop.
There is an entrance to Zeetizxuav's Armour Shop here.
A ribbon worm comes into view.
The ribbon worm completely misses you.
You hit the ribbon worm. You grab the ribbon worm.
The ribbon worm is lightly wounded.
You constrict the ribbon worm.
The ribbon worm expels a string of sticky webbing.
The stream of webbing hits you but does no damage.
You are caught in a web!
You struggle to detach yourself from the web.
You constrict the ribbon worm. The ribbon worm bites you!
The web tears apart.
You constrict the ribbon worm.
The ribbon worm expels a string of sticky webbing.
The stream of webbing misses you.
You hit the ribbon worm. You squeeze the ribbon worm.
The ribbon worm is heavily wounded.
You constrict the ribbon worm. The ribbon worm bites you.
You hit the ribbon worm. You squeeze the ribbon worm.
The ribbon worm is almost dead.
You constrict the ribbon worm. The ribbon worm bites you!
You die...
Your body crumbles into a pile of gold.

#.# #+# #.#
####.# #....#
#######....####
..............+
######....####
#.#.## #@###
#w# #.. #.##
..~ ~~~ ≈~~
≈~≈~≈


You could see a ribbon worm.

Vanquished Creatures
  A ball python (D:4)
  A bat (D:3)
  A kobold (D:3)
3 creatures vanquished.

Notes
Turn   | Place    | Note
-------+----------+-------------------------------------------
     0 | D:5      | Esekla the Octopode Delver began the quest for the Orb.
     0 | D:5      | Reached XP level 1. HP: 16/16 MP: 1/1
    19 | D:5      | Noticed an orc priest
    64 | D:5      | Found a staircase to the Ecumenical Temple.
   115 | Temple   | Entered the Ecumenical Temple
   136 | Temple   | Became a worshipper of Gozag Ym Sagoz the Greedy
   184 | D:4      | Noticed an iguana
   193 | D:5      | Noticed an ogre
   243 | D:5      | Noticed a gnoll sergeant
   400 | D:4      | Noticed a hound
   422 | D:4      | Noticed an ogre
   579 | D:3      | Found Zeetizxuav's Armour Shop.
   628 | D:3      | Slain by a ribbon worm

Illustrated notes

Levels and vault maps discovered:
D:3:      layout_loops_corners, nicolae_ecumenical_snake_handling, serial_shops,
          shop, serial_rivers, chequers_serial_rivers_large_a,
          chequers_serial_rivers_micro_e, chequers_serial_rivers_small_a,
          chequers_serial_rivers_small_3
D:4:      layout_cave_pods
D:5:      layout_rooms, minmay_temple_entry_waves, minivault_14,
          grunt_ministairs_11, kennysheep_dice
Temple:   nicolae_temple_bog_church

Action                     || total
---------------------------++-------
  Melee: Falchion          ||    10
         Tentacles         ||     2
         Constrict         ||     1
    Use: Scroll            ||     1
 Armour: Skin              ||     7
  Dodge: Dodged            ||    11

Table legend: (Time is in decaauts)
 A = Elapsed time spent in this place.
 B = Non-inter-level travel time spent in this place.
 C = Inter-level travel time spent in this place.
 D = Time resting spent in this place.
 E = Time spent auto-exploring this place.
 F = Levels seen in this place.
 G = Mean time per level.
                   A        B        C        D        E       F      G
               +--------+--------+--------+--------+--------+-----+--------+
         Total |    629 |    587 |     42 |     38 |      0 |   4 |  157.2 |
       Dungeon |    586 |    585 |      1 |     38 |      0 |   3 |  195.3 |
        Temple |     42 |      1 |     41 |      0 |      0 |   1 |   42.0 |
               +--------+--------+--------+--------+--------+-----+--------+

Top non-repeatable levels by time:
     D:4: 262 daAuts
     D:5: 197 daAuts
     D:3: 127 daAuts
  Temple: 42 daAuts
